 Dungeon Crawl Stone Soup version 0.26-a0-812-g31a745ddcd (webtiles) character file.

Game seed: 972697608051516982

193 mkm the Firebug (level 5, -33/28 HPs)
             Began as a Gargoyle Fire Elementalist on Dec 2, 2020.
             Killed from afar by an orc wizard (38 damage)
             ... with an exploding inner flame
             ... hexed by the player character
             ... on level 4 of the Dungeon.
             The game lasted 00:09:36 (2740 turns).

mkm the Firebug (Gargoyle Fire Elementalist)        Turns: 2740, Time: 00:09:37

Health: -33/28     AC:  7    Str: 12    XL:     5   Next: 72%
Magic:  6/10       EV: 12    Int: 16    God:
Gold:   181        SH:  0    Dex: 10    Spells: 9/10 levels left

rFire    . . .     SeeInvis .   j - +0 dagger
rCold    . . .     Faith    .   (no shield)
rNeg     + . .     Spirit   .   a - +0 robe
rPois    ∞         Reflect  .   (no helmet)
rElec    +         Harm     .   (no cloak)
rCorr    .         Rampage  .   n - +0 pair of gloves
MR       .....                  (no boots)
Stlth    ++........             (no amulet)
HPRegen  0.49/turn              (no ring)
MPRegen  0.12/turn              (no ring)

@: very slightly contaminated
A: talons 1, negative energy resistance 1, regeneration 1, electricity
resistance, unbreathing, petrification resistance, rot immunity, AC +4
a: no special abilities


You were on level 4 of the Dungeon.
You visited 1 branch of the dungeon, and saw 4 of its levels.

You collected 181 gold pieces.

Inventory:

Hand Weapons
 j - a +0 dagger (weapon)
Armour
 a - a +0 robe (worn)
 n - a +0 pair of gloves (worn)
Jewellery
 c - an uncursed ring of ice {unknown}
Wands
 k - a wand of disintegration (9)
Scrolls
 d - a scroll of random uselessness
 m - a scroll of enchant weapon {unknown}
Potions
 b - a potion of magic {unknown}
 e - 2 potions of heal wounds
 g - a potion of curing {unknown}
 i - 3 potions of degeneration {unknown}
 l - a potion of might {unknown}


   Skills:
 - Level 1.5 Dodging
 - Level 2.1 Stealth
 + Level 3.3 Spellcasting
 + Level 3.5 Conjurations
 + Level 4.3 Fire Magic


You had 9 spell levels left.
You knew the following spells:

 Your Spells              Type           Power        Failure   Level
a - Foxfire               Conj/Fire      ###.         3%          1

Your spell library contained the following spells:

 Spells                   Type           Power        Failure   Level
 Conjure Flame            Conj/Fire      ###.....     11%         3
 Inner Flame              Hex/Fire       #.......     22%         3
 Sticky Flame             Conj/Fire      ###.....     34%         4
 Fireball                 Conj/Fire      ###.......   69%         5


Dungeon Overview and Level Annotations

Branches:
Dungeon (4/15)
 Temple: D:4-7

Altars:
The Shining One

Annotations:
D:3 Sigmund


Innate Abilities, Weirdness & Mutations

You are resistant to torment.
Your stone body is resilient. (AC +4)
You are immune to poison.
You resist negative energy. (rN+)
You are resistant to electric shocks. (rElec)
You can survive without breathing.
You are immune to petrification.
You are immune to rotting.
You have sharp toenails.
Your natural rate of healing is unusually fast.


Message History

Confirm with . or Enter, or press ? or * to list all spells.
Nothing appears to happen.
The orc wizard gestures at you while chanting.
The magic dart hits you!
* * * LOW HITPOINT WARNING * * *
Something hits you but does no damage.
The orc wizard hits you but does no damage.
Casting: Foxfire (safe; 3% risk of failure)
Confirm with . or Enter, or press ? or * to list all spells.
You miscast Foxfire.
You are very lightly contaminated with residual magic.
Nothing appears to happen.
Something hits you but does no damage.
The orc wizard mumbles some strange words.
The orc wizard blinks!
Casting: Foxfire (safe; 3% risk of failure)
Confirm with . or Enter, or press ? or * to list all spells.
You conjure some foxfire!
The foxfire hits something.
The fiery explosion engulfs you!!!
Ouch! That really hurt!
You die...

.......,,,,,*,**,*,*,,,,,,,,,,,*
.......,,,,,,,,,,,,,,*********,*
.......,,,,,,***,,**** *,**
.######*,,,,,,,,,,* *,,*
....,,,..,,,,,,,,,*************,*
.#####..***,,,,,,,,,,,,,,.8,8,8,*
..##...##**,,,,,,,,,,,,...,⌠,⌠,,*
....,...,,,,,,,######.....8,∩,8,*
...##.#**#..,#*#@vo...#***,⌠,⌠,,*
#.....####.#.# #§###### *8,8,8,*
#.......#..#.# #§# ****,,,*
........#....*##.# *****
.#.........#**#..# ...........#
##o## #..........###..#
#..............##
#.........########*****


You could see an orc wizard (fast, inner flame) and an orc (inner flame).

Vanquished Creatures
  A hound (D:4)
  Jessica (D:2)
  Terence (D:2)
  A worker ant (D:4)
  4 adders
  A dart slug (D:1)
  A leopard gecko (D:3)
  An orc (D:4)
  3 giant cockroaches
  3 goblins
  4 hobgoblins
  6 jackals (D:4)
  5 kobolds
  A ball python (D:1)
  10 bats
  5 frilled lizards
  6 rats
54 creatures vanquished.

Vanquished Creatures (others)
  168 foxfires
  3 plants (D:2)
171 creatures vanquished.

Grand Total: 225 creatures vanquished

Notes
Turn   | Place    | Note
-------+----------+-------------------------------------------
     0 | D:1      | mkm the Gargoyle Fire Elementalist began the quest for the
                  | Orb.
     0 | D:1      | Reached XP level 1. HP: 10/10 MP: 3/3
   371 | D:1      | Reached XP level 2. HP: 15/15 MP: 0/5
   976 | D:2      | Found a glowing golden altar of the Shining One.
  1025 | D:2      | Reached XP level 3. HP: 19/19 MP: 4/6
  1306 | D:2      | Noticed Terence
  1361 | D:2      | Gained mutation: You have sharp toenails. [potion of
                  | mutation]
  1361 | D:2      | Gained mutation: Your natural rate of healing is unusually
                  | fast. [potion of mutation]
  1383 | D:2      | Killed Terence
  1383 | D:2      | Reached XP level 4. HP: 10/24 MP: 6/8
  1458 | D:2      | Noticed Jessica
  1463 | D:2      | Killed Jessica
  1764 | D:3      | Reached XP level 5. HP: 28/28 MP: 7/9
  1843 | D:3      | Noticed Sigmund
  2262 | D:4      | Reached skill level 4 in Fire Magic
  2740 | D:4      | Killed from afar by an orc wizard

Illustrated notes

Levels and vault maps discovered:
D:1:      lemuel_arrival_room, layout_basic, item_on_display_a
D:2:      layout_rooms, tso_oasis_becter, uniq_terence, uniq_jessica
D:3:      layout_loops_ring, minmay_misc_feat_columns, uniq_sigmund
D:4:      layout_rooms, serial_shops,
          nicolae_shop_temple_entry_statues_fountains

Skill      XL: |  1  2  3  4  5 |
---------------+----------------+-----
Conjurations   | 2 3 |  3.5
Spellcasting   | 3 |  3.3
Fire Magic     | 4 |  4.3
Dodging        | |  1.5
Stealth        | |  2.1

Action                   |  1- 3 |  4- 6 || total
-------------------------+-------+-------++-------
Melee: Unarmed           |     8 |       ||     8
       Dagger            |    67 |    25 ||    92
       Kick              |     7 |     2 ||     9
 Cast: Foxfire           |    49 |    50 ||    99
  Use: Potion            |     2 |       ||     2
       Scroll            |       |     3 ||     3
Armor: Robe              |    20 |    31 ||    51
Dodge: Dodged            |    56 |    36 ||    92

Table legend: (Time is in decaauts)
 A = Elapsed time spent in this place.
 B = Non-inter-level travel time spent in this place.
 C = Inter-level travel time spent in this place.
 D = Time resting spent in this place.
 E = Time spent auto-exploring this place.
 F = Levels seen in this place.
 G = Mean time per level.
                   A        B        C        D        E       F      G
               +--------+--------+--------+--------+--------+-----+--------+
         Total |   2737 |   2703 |     34 |    742 |   1247 |   4 |  684.2 |
       Dungeon |   2737 |   2703 |     34 |    742 |   1247 |   4 |  684.2 |
               +--------+--------+--------+--------+--------+-----+--------+

Top non-repeatable levels by time:
     D:1: 918 daAuts
     D:2: 826 daAuts
     D:3: 506 daAuts
     D:4: 486 daAuts
